 Dungeon Crawl Stone Soup version 0.23.2-40-g277498a001 (webtiles) character file.

Game seed: 7232067569283825356

195 Folks the Conjurer (level 5, 0/38 HPs)
             Began as a Demigod Conjurer on Aug 15, 2019.
             Slain by an adder (1 damage)
             ... in a sewer.
             The game lasted 00:07:28 (2481 turns).

Folks the Conjurer (Demigod Conjurer)               Turns: 2481, Time: 00:07:31

Health: 0/38       AC:  3    Str: 16    XL:     5   Next: 21%
Magic:  3/13       EV:  9    Int: 21    God:
Gold:   127        SH:  0    Dex: 16    Spells: 1/11 levels left

rFire    . . .     SeeInvis .   t - +0 spear (venom)
rCold    . . .     Gourm    .   (no shield)
rNeg     . . .     Faith    .   a - +0 robe
rPois    .         Spirit   .   (no helmet)
rElec    .         Reflect  .   (no cloak)
rCorr    .         Harm     .   m - +0 pair of gloves
MR       .....                  (no boots)
Stlth    ++........             (no amulet)
HPRegen  0.12/turn              (no ring)
MPRegen  0.13/turn              (no ring)

@: mighty, lethally poisoned (0 -> -5), very slightly contaminated, constricted
A: high mp 1
a: no special abilities


You were in a sewer.
You were hungry.

You visited 1 branch of the dungeon, and saw 3 of its levels.
You also visited: Sewer.

You collected 127 gold pieces.

Inventory:

Hand Weapons
 e - a +0 club
 h - a +0 dagger
 l - a +0 short sword
 s - a +3 halberd
 t - a +0 spear of venom (weapon)
Missiles
 r - 2 throwing nets (quivered)
Armour
 a - a +0 robe (worn)
 m - a +0 pair of gloves (worn)
 q - a cursed +0 leather armour
Jewellery
 d - a +3 ring of evasion {unknown}
 g - a +5 ring of dexterity {unknown}
 o - an uncursed ring of resist corrosion {unknown}
 u - an uncursed ring of protection from cold {unknown}
Scrolls
 b - 4 scrolls of identify {unknown}
 j - a scroll of magic mapping
 k - 2 scrolls of enchant armour {unknown}
 n - 2 scrolls of teleportation {unknown}
Comestibles
 c - 10 rations
 f - 5 chunks of flesh


   Skills:
 - Level 1.7 Dodging
 - Level 1.7 Stealth
 + Level 3.6 Spellcasting
 + Level 4.5 Conjurations
 * Level 1.6 Hexes


You had one spell level left.
You knew the following spells:

 Your Spells              Type           Power        Failure   Level  Hunger
a - Magic Dart            Conj           ###.         1%          1    None
b - Searing Ray           Conj           ###...       2%          2    ##.....
c - Dazzling Spray        Conj/Hex       ###...       11%         3    ###....
d - Fulminant Prism       Conj/Hex       ###.......   34%         4    ####...

Your spell library contained the following spells:

 Spells                   Type           Power        Failure   Level  Hunger
 Iskenderun's Mystic Bla  Conj           ###.....     19%         4    ####...
 Force Lance              Conj/Tloc      ##......     43%         4    ####...


Dungeon Overview and Level Annotations

Branches:
Dungeon (3/15)


Innate Abilities, Weirdness & Mutations

You have an increased reservoir of magic. (+10% MP)


Message History

It was a potion of curing.
You feel better.
The adder bites you but does no damage. x2; The adder bites you.
* * * LOW HITPOINT WARNING * * *
You are poisoned.
The adder poisons you!
A rat comes into view.
The ball python bites you.
* * * LOW HITPOINT WARNING * * *
The ball python constricts you. The adder bites you.
* * * LOW HITPOINT WARNING * * *
You are more poisoned.
The adder poisons you!
You aren't carrying any potions.
As you read the scroll labeled AFE KESAOSIMP, it crumbles to dust.
You feel aware of your surroundings.
It was a scroll of magic mapping.
* * * LOW HITPOINT WARNING * * *
You feel sick. The adder bites you.
* * * LOW HITPOINT WARNING * * *
The adder bites you.
You die...

≈≈≈≈≈≈≈≈≈,,≈,≈≈≈≈≈,,≈≈≈≈≈≈≈≈≈≈≈≈≈
≈≈≈≈≈≈≈≈≈≈≈≈≈≈≈≈≈≈≈r≈≈≈≈≈≈≈≈≈≈≈≈*
≈≈≈≈≈≈≈≈≈≈≈≈≈r≈≈≈≈≈≈≈≈≈≈≈≈≈≈≈≈≈≈≈
≈≈≈≈≈≈≈≈≈≈≈.≈.≈r≈.≈≈≈≈≈≈≈≈≈≈≈≈≈≈*
≈≈≈≈≈≈≈≈≈≈.≈.....≈.≈≈≈≈≈≈≈≈≈≈≈≈≈*
≈,≈,,.....r..........≈≈.≈≈≈≈≈≈≈≈*
≈,,,,....r.....rr........≈≈≈≈≈≈,*
,,,,,..........rSS.........,,,,,'
,,,,,*#....r...r@Sr†.......,,,,,*
,,,***##.......##S.÷.......,,,,,*
,*****#...##..#####......##*,,***
** *∩..#**##..######...## ****
*##** ##..∩# *#### #####


You could see 3 adders, 2 river rats, a ball python and 9 rats.

Vanquished Creatures
  Jessica (D:2)
  4 gnolls
  3 adders
  3 worms (D:2)
  4 dart slugs
  9 leopard geckos
  3 orcs (D:3)
  4 bats
  A giant cockroach (D:3)
  9 goblins
  6 hobgoblins
  7 jackals (D:2)
  A quokka (D:2)
  2 ball pythons
  4 frilled lizards
  4 kobolds
  11 rats
76 creatures vanquished.

Vanquished Creatures (others)
  2 fulminant prisms (Sewer)
2 creatures vanquished.

Grand Total: 78 creatures vanquished

Notes
Turn   | Place    | Note
-------+----------+-------------------------------------------
     0 | D:1      | Folks the Demigod Conjurer began the quest for the Orb.
     0 | D:1      | Reached XP level 1. HP: 14/14 MP: 5/5
   339 | D:1      | Reached XP level 2. HP: 20/20 MP: 5/7
   844 | D:2      | Reached skill level 4 in Conjurations
   844 | D:2      | Reached XP level 3. HP: 21/26 MP: 3/9
   851 | D:2      | Learned a level 2 spell: Searing Ray
   855 | D:2      | Learned a level 3 spell: Dazzling Spray
   974 | D:2      | Found a snail-covered altar of Cheibriados.
  1116 | D:2      | Noticed Jessica
  1119 | D:2      | Killed Jessica
  1282 | D:2      | Reached XP level 4. HP: 33/33 MP: 7/11
  1847 | D:1      | Reached skill level 1 in Hexes
  2347 | D:3      | Reached XP level 5. HP: 37/38 MP: 10/13
  2360 | D:3      | Learned a level 4 spell: Fulminant Prism
  2389 | D:3      | Found a glowing drain.
  2427 | Sewer    | Entered a sewer
  2481 | Sewer    | HP: 1/38 [adder (2)]
  2481 | Sewer    | Slain by an adder

Skill      XL: |  1  2  3  4 |
---------------+-------------+-----
Spellcasting   | 2 3 |  3.6
Conjurations   | 4 |  4.5
Hexes          | 1 |  1.6
Dodging        | |  1.7
Stealth        | |  1.7

Action                   |  1- 3 |  4- 6 || total
-------------------------+-------+-------++-------
Melee: Club              |    21 |       ||    21
       Unarmed           |     6 |       ||     6
       Dagger            |    18 |       ||    18
       Short sword       |    12 |    28 ||    40
       Spear             |       |    30 ||    30
Throw: Throwing net      |       |     1 ||     1
 Cast: Magic Dart        |    31 |     2 ||    33
       Searing Ray       |     5 |    15 ||    20
       Dazzling Spray    |       |     4 ||     4
       Fulminant Prism   |       |     2 ||     2
  Use: Potion            |       |     2 ||     2
       Scroll            |       |     1 ||     1
 Stab: Sleeping          |     3 |     2 ||     5
       Held in net/web   |       |     1 ||     1
       Distracted        |       |     1 ||     1
  Eat: Chunk             |     1 |     5 ||     6
Armor: Robe              |     4 |    30 ||    34
Dodge: Dodged            |    41 |    49 ||    90
